 Dungeon Crawl Stone Soup version 0.25.1-2-g60ff931df9 (webtiles) character file.

Game seed: 4396034575863871725

28 KyoPewz the Magician (level 3, 0/24 HPs)
             Began as a Demonspawn Wizard on Oct 23, 2020.
             Killed from afar by Sigmund (10 damage)
             ... with a puff of flame
             ... on level 2 of the Dungeon.
             The game lasted 00:06:41 (1778 turns).

KyoPewz the Magician (Demonspawn Wizard)            Turns: 1778, Time: 00:06:42

Health: 0/24       AC:  5    Str:  8    XL:     3   Next: 0%
Magic:  1/7        EV: 11    Int: 19    God:
Gold:   48         SH:  0    Dex: 11    Spells: 1/8 levels left

rFire    . . .     SeeInvis .   o - +0 quarterstaff
rCold    . . .     Gourm    .   (shield currently unavailable)
rNeg     . . .     Faith    .   l - +0 ring mail
rPois    .         Spirit   .   b - +0 hat
rElec    .         Reflect  .   (no cloak)
rCorr    .         Harm     .   (no gloves)
MR       .....                  (no boots)
Stlth    +.........             (no amulet)
HPRegen  0.08/turn              (no ring)
MPRegen  0.10/turn              (no ring)

@: confused, very slightly contaminated
A: sturdy frame 1
a: no special abilities


You were on level 2 of the Dungeon.
You were not hungry.

You visited 1 branch of the dungeon, and saw 2 of its levels.

You collected 48 gold pieces.

Inventory:

Hand Weapons
 f - a +0 club
   (You took it off a hobgoblin on level 1 of the Dungeon)
 h - a +0 short sword
   (You took it off a kobold on level 1 of the Dungeon)
 i - a +0 spear
   (You found it on level 1 of the Dungeon)
 k - a +0 dagger
   (You took it off a goblin on level 1 of the Dungeon)
 n - a cursed -1 mace
   (You found it on level 1 of the Dungeon)
 o - a +0 quarterstaff (weapon)
   (You found it on level 2 of the Dungeon)
Armour
 a - a +0 robe
 b - a +0 hat (worn)
 l - a +0 ring mail (worn)
   (You found it on level 1 of the Dungeon)
Scrolls
 c - a scroll of blinking {unknown}
 d - 7 scrolls of identify {unknown}
 j - a scroll of random uselessness {unknown}
 m - a scroll of remove curse {unknown}
Potions
 g - a potion of brilliance {unknown}
Comestibles
 e - 3 rations {!d}


   Skills:
 - Level 1.7 Dodging
 - Level 1.7 Stealth
 + Level 3.4 Spellcasting
 + Level 2.0 Conjurations
 + Level 1.3 Summonings
 + Level 0.8 Translocations


You had one spell level left.
You knew the following spells:

 Your Spells              Type           Power        Failure   Level  Hunger
a - Magic Dart            Conj           ##..         11%         1    None
b - Blink                 Tloc           N/A          28%         2    ##.....
s - Slow                  Hex            #.......     36%         2    ##.....
x - Call Imp              Summ           #.......     22%         2    ##.....

Your spell library contained the following spells:

 Spells                   Type           Power        Failure   Level  Hunger
 Conjure Flame            Conj/Fire      #.......     45%         3    ###....
 Mephitic Cloud           Conj/Pois/Air  #.......     52%         3    ###....


Dungeon Overview and Level Annotations

Branches:
Dungeon (2/15)

Altars:
Kikubaaqudgha

Annotations:
D:2 Sigmund


Innate Abilities, Weirdness & Mutations

Your movements are slightly less encumbered by armour. (ER -2)


Message History

Sigmund shouts!
Aim: Sigmund, wielding a +0 scythe and wearing a cursed -2 robe (lightly wounded)
The magic dart hits Sigmund.
Aim: Sigmund, wielding a +0 scythe and wearing a cursed -2 robe (moderately wounded)
The magic dart hits Sigmund.
Aim: Sigmund, wielding a +0 scythe and wearing a cursed -2 robe (moderately wounded)
The magic dart hits Sigmund.
Aim: Sigmund, wielding a +0 scythe and wearing a cursed -2 robe (moderately wounded)
You miscast Magic Dart.
You are very lightly contaminated with residual magic.
Nothing appears to happen.
Okay, then.
Okay, then.
Unknown command.
The spell is quite dangerous to cast (36% risk of failure)!
Continue anyway?
Aim: Sigmund, wielding a +0 scythe and wearing a cursed -2 robe (moderately wounded, chance to defeat MR: 45%)
You miscast Slow.
Nothing appears to happen.
Sigmund barely misses you. Sigmund gestures at you while chanting.
You resist with significant effort.
Unknown command.
Aim: Sigmund, wielding a +0 scythe and wearing a cursed -2 robe (moderately wounded)
The magic dart hits Sigmund.
Sigmund gestures at you while chanting. You resist with significant effort.
Sigmund casts a spell at you. You resist with significant effort.
Sigmund misses you.
You closely miss Sigmund. You sock Sigmund! Sigmund hits you with a +0 scythe.
You closely miss Sigmund. Sigmund gestures at you while chanting.
You are confused.
You miss Sigmund.
Sigmund gestures wildly while chanting.
Sigmund flickers and vanishes!
Deactivating autopickup; reactivate with Ctrl-A.
You hear some strange, mumbled words.
You are more confused.
You miss something. Something hits you.
You hit something.
You hear some strange, mumbled words.
A magic dart appears from out of thin air!
The magic dart hits you!
* * * LOW HITPOINT WARNING * * *
You're too confused to move!
You hear some strange, mumbled words.
A puff of flame appears from out of thin air!
The puff of flame hits you!
You die...

##### #...#
##.#.#####################
.._.............@{........
##.#.#####################
##...# ###### # #... ...8
..8.


There were no monsters in sight!

Vanquished Creatures
  A dart slug (D:1)
  4 leopard geckos (D:1)
  A bat (D:1)
  A bat zombie (D:2)
  3 giant cockroaches (D:1)
  A goblin (D:1)
  2 hobgoblins (D:1)
  4 kobolds (D:1)
  3 rats (D:1)
20 creatures vanquished.

Notes
Turn   | Place    | Note
-------+----------+-------------------------------------------
     0 | D:1      | KyoPewz the Demonspawn Wizard began the quest for the Orb.
     0 | D:1      | Reached XP level 1. HP: 13/13 MP: 4/4
   418 | D:1      | Gained mutation: Your movements are slightly less
                  | encumbered by armour. (ER -2) [demonic ancestry]
   418 | D:1      | Reached XP level 2. HP: 19/19 MP: 1/6
   665 | D:1      | Learned a level 2 spell: Call Imp
   668 | D:1      | Learned a level 2 spell: Slow
  1677 | D:2      | Learned a level 2 spell: Blink
  1729 | D:2      | Reached XP level 3. HP: 24/24 MP: 7/7
  1737 | D:2      | Found an ancient bone altar of Kikubaaqudgha.
  1758 | D:2      | Noticed Sigmund
  1778 | D:2      | Killed from afar by Sigmund

Illustrated notes

Levels and vault maps discovered:
D:1:      tarquinn_simple_flora_water_c, layout_loops_ring
D:2:      layout_basic, lemuel_crystal_altar, chequers_ecumenical_altar_grove,
          serial_undead, serial_undead_b, serial_undead_e, serial_undead_d,
          serial_undead_e, serial_undead_c, uniq_sigmund

Skill      XL: |  1  2 |
---------------+-------+-----
Conjurations   | 2 |  2.0
Dodging        | |  1.7
Stealth        | |  1.7
Spellcasting   | |  3.4
Summonings     | |  1.3
Translocations | |  0.8

Action                   || total
-------------------------++-------
Melee: Unarmed           ||    12
       Spear             ||    48
       Club              ||     4
       Quarterstaff      ||     6
 Cast: Magic Dart        ||    29
 Stab: Sleeping          ||     2
  Eat: Chunk             ||     3
Armor: Robe              ||     4
       Ring mail         ||    11
Dodge: Dodged            ||    42
